 Dungeon Crawl Stone Soup version 0.22-a0-538-g76cc104 (webtiles) character file.

23095 Amnesiac the Fetichist (level 12, -8/65 HPs)
             Began as a Spriggan Wanderer on June 23, 2018.
             Was an Initiate of Gozag.
             Mangled by Donald
             ... wielding a +1 long sword of flaming
              (35 damage)
             ... on level 2 of the Orcish Mines.
             The game lasted 00:44:41 (22625 turns).

Amnesiac the Fetichist (Spriggan Wanderer)         Turns: 22625, Time: 00:44:41

Health: -8/65      AC:  3    Str: 13    XL:     12   Next: 68%
Magic:  25/25      EV: 29    Int: 22    God:    Gozag
Gold:   3746       SH:  5    Dex: 17    Spells: 18/27 levels left

rFire    + . .     SeeInvis +   z - +4 spear of the Sky {venom, rF+ Int+7}
rCold    + + .     Gourm    .   q - +0 buckler
rNeg     . . .     Faith    .   G - +1 robe {rC+}
rPois    +         Spirit   .   (helmet restricted)
rElec    .         Reflect  .   (no cloak)
rCorr    .         Harm     .   (gloves unavailable)
MR       +++..                  (boots unavailable)
Stlth    +++.......             k - amulet of rage
HPRegen  0.20/turn              t - +3 ring of dexterity
MPRegen  0.19/turn              B - ring of wizardry

@: very quick
A: very small, unfitting armour, see invisible, cold resistance 1, herbivore,
speed 3, magic resistance 1, poison resistance, slow metabolism 2
a: Potion Petition, Call Merchant, Bribe Branch, Renounce Religion, Evoke
Berserk Rage


You were on level 2 of the Orcish Mines.
You worshipped Gozag.
Gozag was most pleased with you.
You were not hungry.

You visited 4 branches of the dungeon, and saw 15 of its levels.
You also visited: Volcano.

You collected 4426 gold pieces.
You paid 680 gold pieces to Gozag.

Inventory:

Hand Weapons
 a - a +1 quick blade of flaming
 b - a +2 hunting sling of velocity
 w - a +0 blowgun
 z - the +4 spear of the Sky (weapon) {venom, rF+ Int+7}
   (You found it on level 6 of the Dungeon)

   It poisons the flesh of those it strikes.
   It affects your intelligence (+7).
   It protects you from fire.
Missiles
 d - 282 stones (quivered)
 x - 31 sling bullets
 y - 4 curare-tipped needles
Armour
 q - a +0 buckler (worn)
 G - a +1 robe of cold resistance (worn)
Jewellery
 k - an amulet of rage (around neck)
 o - an uncursed ring of poison resistance
 t - a +3 ring of dexterity (left hand)
 A - an uncursed amulet of the acrobat
 B - a ring of wizardry (right hand)
 F - an uncursed ring of ice
Wands
 m - a wand of iceblast (6)
Scrolls
 h - 2 scrolls of teleportation {!r}
 i - 3 scrolls of identify {!r}
 n - 4 scrolls of remove curse {!r}
 r - 7 scrolls of enchant armour {!r}
Potions
 e - 4 potions of brilliance {!q}
 g - a potion of curing {!q}
 j - a potion of berserk rage {!q}
 l - a potion of mutation {!q}
 s - a potion of cancellation {!q}
 u - 3 potions of haste {!q}
 D - 2 potions of might {!q}
Miscellaneous
 c - a crystal ball of energy
Comestibles
 f - 5 rations


   Skills:
 - Level 8.7 Fighting
 * Level 4.3(4.5) Short Blades
   Level 1.5(2.6) Long Blades
   Level 2.0 Crossbows
 - Level 13.7 Dodging
 + Level 6.3 Stealth
 - Level 8.0 Spellcasting
 - Level 16.8 Evocations


You had 18 spell levels left.
You knew the following spells:

 Your Spells              Type           Power        Failure   Level  Hunger
a - Apportation           Tloc           #.....       4%          1    None
b - Spectral Weapon       Hex/Chrm       #.......     16%         3    None
d - Summon Small Mammal   Summ           #...         4%          1    None
r - Regeneration          Chrm/Necr      #.........   16%         3    None
z - Confusing Touch       Hex            #.....       4%          1    None

Your spell library contained the following spells:

 Spells                   Type           Power        Failure   Level  Hunger
 Confuse                  Hex            #.......     16%         3    None
 Animate Skeleton         Necr           N/A          4%          1    None
 Metabolic Englaciation   Hex/Ice        #.........   77%         5    #####..
 Petrify                  Tmut/Erth      #.......     43%         4    ###....
 Shroud of Golubria       Chrm/Tloc      #.........   8%          2    None
 Infusion                 Chrm           #...         4%          1    None
 Song of Slaying          Chrm           #.......     8%          2    None
 Gell's Gravitas          Tloc           #.........   16%         3    None
 Yara's Violent Unravell  Hex/Tmut       #.........   77%         5    #####..


Dungeon Overview and Level Annotations

Branches:
Dungeon (11/15)            Temple (1/1) D:5            Lair (0/6) D:8
    Orc (2/2) D:11            Elf (1/3) Orc:2

Altars:
Ashenzari
Cheibriados
Dithmenos
Elyvilon
Fedhas
Gozag
Hepliaklqana
Kikubaaqudgha
Makhleb
Nemelex Xobeh
Okawaru
Qazlal
Ru
Sif Muna
Trog
Uskayaw
Vehumet
Wu Jian
Xom
Yredelemnul
Zin
The Shining One

Shops:
D:4 [

Annotations:
D:11 4 runed doors, pedritolo's ghost, journeyman TrBe
Orc:2 Donald


Innate Abilities, Weirdness & Mutations

You are very small and have problems with some larger weapons.
You are too small for most types of armour.
You have supernaturally acute eyesight. (SInv)
You are a herbivore.
You cover ground extremely quickly.
You need to consume almost no food.
Your flesh is cold resistant. (rC+)
You are resistant to hostile enchantments. (MR+)
Your system is resistant to poisons. (rPois)


Message History

Things that are here:
a long sword; a ring mail
There is a staircase back to the Mines here.
You feel yourself slow down.
You see here 2 arrows.
There is a staircase back to the Mines here.
You start resting.
You flicker back into view.
You start resting.
You feel a little less agile now.
You start resting.
Your magical contamination has completely faded away.
You start resting.
HP restored.
You start resting.
HP restored.
You can't go down here!
You climb upwards.
Welcome back to the Orcish Mines!
Level annotation: Donald
There is a staircase to the Elven Halls here.
Unknown command.
You see here a hand axe.
Things that are here:
a robe; a dagger Donald casts a spell.
Donald seems to grow stronger.
Donald is too close now for your liking.
Donald is nearby!
Donald is nearby!
Attack whom?
Press: ? - help, Dir - move target cursor, f - Donald
Aim: Donald, wielding a long sword of flaming, wearing a plate armour and wearing a glowing shield (black smoke, unusually strong)
You reach to attack!
You hit Donald but do no damage.
Donald is poisoned.
Donald gestures wildly while chanting.
Donald seems to speed up.
Things that are here:
a robe; a dagger You see here a hand axe.
Donald says, "What do they mine anyway?
I've never seen them mine anything."
Attack whom?
Press: ? - help, Dir - move target cursor, f/p - Donald
Aim: Donald, wielding a long sword of flaming, wearing a plate armour and wearing a glowing shield (lightly wounded, fast, unusually strong, poisoned)
You reach to attack!
You hit Donald but do no damage.
Donald looks even sicker.
Donald is lightly wounded.
Donald says, "I hate this place."
There is a staircase to the Elven Halls here.
Donald hits you with a long sword of flaming!!
Ouch! That really hurt!
* * * LOW HITPOINT WARNING * * *
Donald burns you.
* * * LOW HITPOINT WARNING * * *
Donald says, "I bet you have to pay people to get friends."
You hear a blaring wail to the north.
You hear a shout! x21
Donald says, "I've got a headache.
I hate that."
Donald says, "Spare some coin?"
Attack whom?
Press: ? - help, Dir - move target cursor, f/p - Donald
Aim: Donald, wielding a long sword of flaming, wearing a plate armour and wearing a glowing shield (lightly wounded, fast, unusually strong, poisoned)
You reach to attack!
You barely miss Donald.
Donald is lightly wounded.
Donald hits you with a long sword of flaming!!
Ouch! That really hurt!
You die...
Your body crumbles into a pile of gold.

#.................## ##....
####....#............####.....
##...............#.#..##.......
##................###.#.#.......
#..............#..# ######..#.##
##.................# #).####
#..................# ### ##.#.##
#.................)####.####..)..
#...##.....##..@@..[.....)[[...).
#...##.....##...#..........[.....
#...............######≈≈§###.....
##........[....## #≈≈≈# #.....
#..##.....##..# #≈#§# ##....
##.##.....##.## ##### ###..
##.........## ##. #≈≈.....≈§# ..
§§≈≈##≈...≈##≈≈≈≈


You could see Donald.

Vanquished Creatures
  Fannar (D:10)
  Erica (Orc:1)
  5 two-headed ogres
  The ghost of Tovarisch the Grappler, a novice NaTm (D:8)
  An orc high priest (D:11)
  A deep elf knight (Elf:1)
  A fire crab (Volcano)
  A lindwurm (Volcano)
  A deep elf mage (Elf:1)
  A manticore (D:8)
  Joseph (D:7)
  A komodo dragon (D:11)
  6 trolls
  A hornet (D:11)
  2 hippogriffs
  17 yaks
  2 steam dragons (Volcano)
  2 soldier ants (D:11)
  Menkaure (D:4)
  3 hungry ghosts
  3 wargs
  A water moccasin (D:11)
  Duvessa (D:4)
  A hell hound (Volcano)
  A black bear (D:8)
  17 orc warriors
  3 ice beasts
  2 phantoms
  3 sky beasts
  12 ogres
  14 centaurs
  Blork the orc (D:6)
  2 big kobolds
  8 bullfrogs
  A wyvern zombie (D:11)
  3 scorpions
  A troll zombie (D:11)
  Dowan (D:4)
  13 wights
  4 electric eels
  4 howler monkeys
  4 crimson imps
  2 quasits
  A centaur skeleton (D:7)
  7 hounds
  7 orc priests
  4 bullfrog skeletons
  An iron imp (D:7)
  3 iguanas
  17 orc wizards
  6 worker ants
  6 ogre zombies (D:11)
  A howler monkey zombie (D:8)
  A howler monkey skeleton (D:9)
  13 adders
  2 shadow imps
  2 oozes
  An adder skeleton (D:4)
  2 worms
  4 dart slugs
  8 leopard geckos
  57 orcs
  13 bats
  2 giant cockroaches
  9 hobgoblins
  17 jackals
  6 quokkas
  3 ball pythons
  3 frilled lizards
  9 goblins
  4 goblin zombies (D:11)
  A hobgoblin skeleton (D:11)
  6 hobgoblin zombies
  A jackal skeleton (D:9)
  17 kobolds
  2 kobold skeletons (D:7)
  2 kobold zombies (D:7)
  A leopard gecko skeleton (D:4)
  16 orc zombies (D:11)
  A quokka skeleton (D:8)
  7 rats
415 creatures vanquished.

Vanquished Creatures (others)
  2 deep elf magi (Elf:1)
  An orc wizard (Orc:1)
  7 spectral weapons
10 creatures vanquished.

Grand Total: 425 creatures vanquished

Notes
Turn   | Place    | Note
-------+----------+-------------------------------------------
     0 | D:1      | Amnesiac the Spriggan Wanderer began the quest for the Orb.
     0 | D:1      | Amnesiac set off with: a +2 robe, a +0 falchion, a +0 hand crossbow, 23 bolts, a +0 dagger, a ration
     0 | D:1      | Reached XP level 1. HP: 10/10 MP: 3/3
    88 | D:1      | Reached XP level 2. HP: 14/14 MP: 4/4
   609 | D:2      | Reached XP level 3. HP: 18/18 MP: 5/5
   812 | D:4      | Noticed Duvessa
   813 | D:4      | Noticed Dowan
   834 | D:3      | You fall through a shaft for 3 floors!
   858 | D:6      | Learned a level 1 spell: Confusing Touch
  1001 | D:6      | Got a jewelled spear
  1002 | D:6      | Identified the +4 spear of the Sky {venom, rF+ Int+7} (You found it on level 6 of the Dungeon)
  1011 | D:6      | Noticed a bullfrog
  1051 | D:6      | Killed a bullfrog
  1051 | D:6      | Reached skill level 2 in Evocations
  1051 | D:6      | Reached XP level 4. HP: 8/23 MP: 5/7
  1209 | D:6      | Reached skill level 3 in Evocations
  1420 | D:6      | Reached XP level 5. HP: 14/28 MP: 8/8
  1518 | D:5      | Entered Level 5 of the Dungeon
  1535 | D:5      | Found an ancient bone altar of Kikubaaqudgha.
  1554 | D:5      | Found a staircase to the Ecumenical Temple.
  1567 | Temple   | Entered the Ecumenical Temple
  1754 | Temple   | Became a worshipper of Gozag Ym Sagoz the Greedy
  1819 | D:5      | Reached skill level 4 in Evocations
  1960 | D:4      | Noticed an ogre
  1974 | D:4      | Found Vigeinafov's Antique Armour Boutique.
  1979 | D:4      | Killed an ogre
  1979 | D:4      | Reached XP level 6. HP: 29/32 MP: 10/10
  2160 | D:2      | Reached skill level 5 in Evocations
  2210 | D:2      | Found a hazy altar of Hepliaklqana.
  2561 | D:3      | Reached skill level 5 in Dodging
  2714 | D:3      | Found a glowing silver altar of Zin.
  3106 | D:4      | Noticed Menkaure
  3116 | D:4      | Killed Menkaure
  3116 | D:4      | Reached skill level 6 in Evocations
  3116 | D:4      | Reached XP level 7. HP: 19/36 MP: 12/12
  3246 | D:4      | Killed Dowan
  3295 | D:4      | Killed Duvessa
  3527 | D:4      | Reached skill level 7 in Evocations
  3834 | D:4      | Found an ornate altar of the Wu Jian Council.
  4143 | D:5      | Reached skill level 8 in Evocations
  4143 | D:5      | Reached XP level 8. HP: 33/42 MP: 13/15
  4311 | D:5      | Found a sparkling altar of Nemelex Xobeh.
  4372 | D:5      | Found a bloodstained altar of Trog.
  4421 | D:6      | Noticed Blork the orc
  4435 | D:6      | Killed Blork the orc
  4710 | D:6      | Reached skill level 9 in Evocations
  4867 | D:7      | Found a glowing golden altar of the Shining One.
  5147 | D:7      | Reached skill level 5 in Fighting
  5226 | D:7      | Noticed Joseph
  5240 | D:7      | Killed Joseph
  5240 | D:7      | Reached skill level 10 in Evocations
  5240 | D:7      | Reached XP level 9. HP: 22/47 MP: 17/17
  5846 | D:8      | Reached skill level 11 in Evocations
  6375 | D:7      | Found a glowing golden altar of the Shining One.
  7662 | D:8      | Found a runed gate.
  7662 | D:8      | Found a runed gate.
  7662 | D:8      | Noticed a manticore
  7663 | D:8      | Found a runed gate.
  8028 | D:8      | Found a staircase to the Lair.
  8032 | D:8      | Noticed Tovarisch's ghost (novice NaTm)
  8051 | D:8      | Noticed a two-headed ogre
  8079 | D:8      | Killed a two-headed ogre
  8079 | D:8      | Reached skill level 10 in Dodging
  8079 | D:8      | Reached skill level 12 in Evocations
  8149 | D:8      | Found a stormy altar of Qazlal.
  8149 | D:8      | Noticed a two-headed ogre
  8235 | D:8      | Killed a two-headed ogre
  8235 | D:8      | Reached XP level 10. HP: 27/53 MP: 20/20
  8674 | D:1      | Learned a level 1 spell: Apportation
  8676 | D:1      | Learned a level 1 spell: Summon Small Mammal
  8678 | D:1      | Learned a level 1 spell: Animate Skeleton
  9098 | D:8      | Reached skill level 13 in Evocations
  9156 | D:8      | Killed a manticore
  9590 | D:8      | Killed Tovarisch's ghost
  9983 | D:8      | Found a white marble altar of Elyvilon.
 10485 | D:9      | Noticed a two-headed ogre
 10541 | D:9      | Killed a two-headed ogre
 10541 | D:9      | Reached skill level 14 in Evocations
 11128 | D:9      | Noticed a two-headed ogre
 11177 | D:9      | Killed a two-headed ogre
 11177 | D:9      | Reached XP level 11. HP: 27/58 MP: 21/23
 11791 | D:9      | Reached skill level 15 in Evocations
 12287 | D:10     | Entered Level 10 of the Dungeon
 12321 | D:10     | Learned a level 3 spell: Regeneration
 12616 | D:10     | Learned a level 3 spell: Spectral Weapon
 12900 | D:10     | Noticed a two-headed ogre
 12964 | D:10     | Killed a two-headed ogre
 13199 | D:10     | Noticed Fannar
 13899 | D:10     | Killed Fannar
 13899 | D:10     | Reached skill level 16 in Evocations
 14923 | D:11     | Gained mutation: You are resistant to hostile enchantments. (MR+) [potion of mutation]
 14923 | D:11     | Gained mutation: Your flesh is cold resistant. (rC+) [potion of mutation]
 14923 | D:11     | Gained mutation: Your system is resistant to poisons. (rPois) [potion of mutation]
 15006 | D:11     | Found a runed door.
 15022 | D:11     | Noticed a skeletal warrior
 15023 | D:11     | Noticed a lich
 15023 | D:11     | Noticed a deep troll earth mage
 15023 | D:11     | Noticed a necromancer
 15024 | D:11     | Noticed pedritolo's ghost (journeyman TrBe)
 15026 | D:11     | Found a runed door.
 15050 | D:11     | Found a staircase to the Orcish Mines.
 15704 | D:11     | Noticed an orb spider
 15706 | D:11     | an orb spider changed into a blink frog
 15709 | D:11     | Noticed a skeletal warrior
 16258 | D:11     | Reached XP level 12. HP: 49/65 MP: 25/25
 17432 | Orc:1    | Entered Level 1 of the Orcish Mines
 17498 | Orc:1    | Reached skill level 1 in Spellcasting
 17733 | Orc:1    | Noticed Erica
 17783 | Orc:1    | Killed Erica
 17939 | Orc:1    | Noticed an orc high priest
 18696 | D:11     | Killed an orc high priest
 18696 | D:11     | Reached skill level 5 in Spellcasting
 19079 | D:11     | Found a runed door.
 19090 | D:11     | Found a runed door.
 19334 | D:11     | Noticed a four-headed hydra
 19338 | D:11     | Noticed a ghost moth
 19338 | D:11     | a four-headed hydra changed into a ghost moth
 19414 | D:11     | Noticed a queen ant
 20433 | Orc:2    | Entered Level 2 of the Orcish Mines
 20723 | Orc:2    | Noticed an orc high priest
 21211 | Orc:2    | Found a dark tunnel.
 21218 | Volcano  | Entered a volcano
 21554 | Volcano  | Reached skill level 1 in Short Blades
 21578 | Volcano  | HP: 2/65 [steam dragon (8)]
 21579 | Volcano  | Reached skill level 5 in Stealth
 22185 | Orc:2    | Found a staircase to the Elven Halls.
 22293 | Orc:2    | Noticed Donald
 22314 | Elf:1    | Entered Level 1 of the Elven Halls
 22625 | Orc:2    | Mangled by Donald

Vault maps used:
D:1:      tarquinn_simple_flora_water_e, nrook_mini_backslash,
          minmay_misc_feat_rows, minmay_misc_feat_pillars, item_on_display_a
D:2:      overflow_temple_1_default, serial_glass, glass_columns_a,
          glass_columns_b, first_ration
D:3:      old_standard_altar, minmay_stone_trees_large
D:4:      lemuel_doored_altar, serial_shops, shop, st_stairs_9, uniq_duvessa,
          uniq_menkaure
D:5:      lemuel_round_altar, lightli_temple_of_fire, marbit_many_paths,
          temple_pool_b
D:6:      uniq_blork_the_orc
D:7:      nicolae_tso_besieged_by_evil, uniq_joseph
D:8:      grunt_qazlal_clouds, kennysheep_mini_moat, lair_entry_dummy,
          gammafunk_ghost_split, kennysheep_crisscross
D:9:      argonaut_augean_stables
D:10:     uniq_fannar
D:11:     zombieorc2_lemuel, muffindrake_ghost_dual_entry,
          hangedman_pestilent_swarm, kennysheep_boxes
Temple:   nicolae_temple_figure_eight
Orc:1:    uniq_erica
Orc:2:    kennysheep_orc_mage_school, nicolae_volcano_entry_hallway, uniq_donald
Elf:1:    elf_arrival_001, serial_shops,
          nicolae_shop_temple_entry_statues_fountains, evilmike_minifort,
          uniq_asterion
Volcano:  volcano_pools

Skill      XL: |  1  2  3  4  5  6  7  8  9 10 11 12 |
---------------+-------------------------------------+-----
Dodging        | 2 3 4 5 6 8 10 12 13 | 13.7
Fighting       | 2 3 4 5 6 7 8 |  8.7
Evocations     | 2 3 4 6 8 10 12 14 16 | 16.8
Spellcasting   | 8 |  8.0
Short Blades   | 4 |  4.3
Stealth        | 6 |  6.3
Long Blades    | |  1.5
Crossbows      | |  2.0

Action                   |  1- 3 |  4- 6 |  7- 9 | 10-12 || total
-------------------------+-------+-------+-------+-------++-------
Melee: Dagger            |    49 |       |       |     1 ||    50
       Spear             |     3 |   140 |   437 |  1118 ||  1698
       Quick blade       |       |       |       |   108 ||   108
 Fire: Hand crossbow     |    27 |     4 |       |       ||    31
       Hunting sling     |       |       |       |    94 ||    94
 Cast: Spectral Weapon   |       |       |       |    18 ||    18
Invok: Potion Petition   |       |       |       |     2 ||     2
Evoke: Wand              |       |       |       |    39 ||    39
  Use: Scroll            |     1 |     6 |     5 |     8 ||    20
       Potion            |       |     2 |     1 |     8 ||    11
 Stab: Sleeping          |     5 |    12 |     7 |    11 ||    35
       Distracted        |       |     1 |     2 |     9 ||    12
       Paralysed         |       |       |       |    10 ||    10
       Confused          |       |       |       |     4 ||     4
       Invisible         |       |       |       |     5 ||     5
  Eat: Ration            |       |       |     3 |    13 ||    16
Armor: Robe              |    10 |    10 |    21 |    44 ||    85
Dodge: Dodged            |    67 |    87 |   275 |   969 ||  1398
Block: Buckler           |       |       |    45 |   187 ||   232

Table legend:
 A = Spawn XP
 B = Non-spawn XP
 C = Spawn XP percentage of total XP
 D = Spawn monster count
 E = Non-spawn monster count
 F = Spawn count percentage of total count
 G = Total turns spent on level
                    A         B        C        D         E        F      G
               +---------+---------+-------+---------+---------+-------+---------
         Total |       0 |   32993 |   0.0 |       0 |     418 |   0.0 | 22625
               +---------+---------+-------+---------+---------+-------+---------
           D:1 |       0 |      39 |   0.0 |       0 |      26 |   0.0 |   738
           D:2 |       0 |      68 |   0.0 |       0 |      20 |   0.0 |   691
           D:3 |       0 |     111 |   0.0 |       0 |      29 |   0.0 |   682
           D:4 |       0 |     701 |   0.0 |       0 |      27 |   0.0 |  1078
           D:5 |       0 |     576 |   0.0 |       0 |      14 |   0.0 |   639
           D:6 |       0 |     449 |   0.0 |       0 |      10 |   0.0 |  1304
           D:7 |       0 |    1756 |   0.0 |       0 |      30 |   0.0 |  2533
           D:8 |       0 |    4601 |   0.0 |       0 |      32 |   0.0 |  2401
           D:9 |       0 |    5839 |   0.0 |       0 |      44 |   0.0 |  2020
          D:10 |       0 |    4803 |   0.0 |       0 |      45 |   0.0 |  1745
          D:11 |       0 |    5875 |   0.0 |       0 |      83 |   0.0 |  5269
         Orc:1 |       0 |    3211 |   0.0 |       0 |      29 |   0.0 |  1589
         Orc:2 |       0 |    1209 |   0.0 |       0 |      20 |   0.0 |   806
         Elf:1 |       0 |    1807 |   0.0 |       0 |       4 |   0.0 |   258
       Volcano |       0 |    1948 |   0.0 |       0 |       5 |   0.0 |   671
               +---------+---------+-------+---------+---------+-------+---------
